 Dungeon Crawl Stone Soup version 0.28.0-43-g3370ac3207 (webtiles) character file.

Game seed: 12116170816714045732

3 MisterFreud the Caller (level 1, -1/13 HPs)
             Began as a Merfolk Summoner on Mar 3, 2022.
             Slain by a gnoll
             ... wielding a +1 spear of freezing
              (4 damage)
             ... on level 1 of the Dungeon.
             The game lasted 00:00:41 (87 turns).

MisterFreud the Caller (Merfolk Summoner)             Turns: 87, Time: 00:00:42

Health: -1/13      AC:  2    Str:  8    XL:     1   Next: 50%
Magic:  3/3        EV: 12    Int: 14    God:
Gold:   0          SH:  0    Dex: 14    Spells: 3/4 levels left

rFire   . . .      SeeInvis .   (no weapon)
rCold   . . .      Faith    .   (no shield)
rNeg    . . .      Spirit   .   a - +0 robe
rPois   .          Reflect  .   (no helmet)
rElec   .          Harm     .   (no cloak)
rCorr   .          Rampage  .   (no gloves)
Will    .....                   (no boots)
Stlth   ++........              (no amulet)
HPRegen 0.04/turn               (no ring)
MPRegen 0.08/turn               (no ring)

@: no status effects
A: (nimble swimmer 2), mertail
a: no special abilities


You were on level 1 of the Dungeon.
You visited 1 branch of the dungeon, and saw 1 of its levels.

Inventory:

Armour
 a - a +0 robe (worn)
Scrolls
 b - a scroll of identify {unknown}


   Skills:
 - Level 2.6 Dodging
 - Level 2.1 Stealth
 - Level 2.0 Spellcasting
 + Level 4.2 Summonings


You had 3 spell levels left.
You knew the following spells:

 Your Spells              Type           Power      Damage    Failure   Level
a - Summon Small Mammal   Summ           52%        N/A       4%          1

Your spell library contained the following spells:

 Spells                   Type           Power      Damage    Failure   Level
 Call Imp                 Summ           13%        N/A       6%          2
 Call Canine Familiar     Summ           13%        N/A       13%         3
 Summon Guardian Golem    Hex/Summ       7%         N/A       30%         3
 Summon Lightning Spire   Summ/Air       7%         N/A       69%         4


Dungeon Overview and Level Annotations

Branches:
Dungeon (1/15)

Altars:


Innate Abilities, Weirdness & Mutations

((You are very nimble when in or above water. (Stealth+, EV+, Speed+++)))
Your lower body shifts to a powerful aquatic tail in water.


Message History

The endoplasm closely misses your bat.
The gnoll hits your bat with a +1 spear of freezing!
The gnoll freezes your bat.
Your bat dies!
Your bat's corpse disappears in a puff of smoke!
Your rat bites the endoplasm.
You hit the endoplasm.
You kill the endoplasm!
The gnoll hits your rat with a +1 spear of freezing!
The gnoll freezes your rat.
Your rat dies!
Your rat's corpse disappears in a puff of smoke!
You see here a +0 whip.
You open the door.
There is an open door here.
A goblin comes into view. It is wielding a +0 club.
The helpless goblin fails to defend itself.
You hit the goblin.
The goblin is moderately wounded.
The goblin misses you.
You hit the goblin but do no damage.
The goblin is moderately wounded.
The gnoll hits you from afar with a +1 spear of freezing.
The gnoll freezes you. The goblin hits you with a +0 club.
You hit the goblin.
The goblin is severely wounded.
The gnoll barely misses you. The goblin closely misses you.
You barely miss the goblin.
The goblin is severely wounded.
The gnoll closely misses you. The goblin hits you with a +0 club.
You barely miss the goblin.
The goblin is severely wounded.
The gnoll hits you from afar with a +1 spear of freezing.
The gnoll freezes you.
* * * LOW HITPOINT WARNING * * *
The goblin closely misses you.
You closely miss the goblin.
The goblin is severely wounded.
The gnoll hits you from afar with a +1 spear of freezing.
You die...

.<.......##
..........# #.
##...##...# #.
##..## #..# ##.###
##..####..# ....
##...##...#####...
##......g.##.. ..#
###......'##.# #g#
########.#.###@#
#....g..#
#########


You could see a gnoll and a goblin.

Vanquished Creatures
  An endoplasm (D:1)
1 creature vanquished.

Vanquished Creatures (collateral kills)
  A goblin (D:1)
  A bat (D:1)
2 creatures vanquished.

Grand Total: 3 creatures vanquished

Notes
Turn   | Place    | Note
-------+----------+-------------------------------------------
     0 | D:1      | MisterFreud the Merfolk Summoner began the quest for the
                  | Orb.
     0 | D:1      | Reached XP level 1. HP: 13/13 MP: 3/3
    87 | D:1      | Slain by a gnoll

Illustrated notes

Levels and vault maps discovered:
D:1:      minmay_arrival_four_loops, layout_basic

Action                   || total
-------------------------++-------
Melee: Unarmed           ||    11
 Cast: Summon Small Mamm ||     3
 Stab: Sleeping          ||     1
Dodge: Dodged            ||     9
